 Dungeon Crawl Stone Soup version 0.29.0-4-gdea44cf6ec (webtiles) character file.

Game seed: 706984853078790733

65 qw the Chopper (level 4, -1/26 HPs)
             Began as a Tengu Warper on Aug 28, 2022.
             Slain by an orc wizard
             ... wielding a +0 dagger
              (2 damage)
             ... on level 3 of the Dungeon.
             The game lasted 00:00:13 (2485 turns).

qw the Chopper (Tengu Warper)                       Turns: 2485, Time: 00:00:13

Health: -1/26      AC:  8    Str: 14    XL:     4   Next: 14%
Magic:  8/8        EV:  6    Int: 13    God:
Gold:   144        SH:  0    Dex: 13    Spells: 7/7 levels left

rFire   . . .      SeeInvis .   Y - +0 hand axe
rCold   . . .      Faith    .   (no shield)
rNeg    . . .      Spirit   .   e - +0 chain mail
rPois   .          Reflect  .   (helmet restricted)
rElec   .          Harm     .   (no cloak)
rCorr   .          Rampage  .   (no gloves)
Will    .....                   (boots unavailable)
Stlth   ..........              (no amulet)
HPRegen 0.08/turn               (no ring)
MPRegen 0.11/turn               (no ring)

@: confused
A: beak, talons 3
a: no special abilities


You were on level 3 of the Dungeon.
You visited 1 branch of the dungeon, and saw 3 of its levels.

You collected 144 gold pieces.


Innate Abilities, Weirdness & Mutations

You have a beak for a mouth.
You have claws for feet.


   Skills:
 - Level 2.0 Fighting
 + Level 4.7 Axes
 - Level 1.0 Throwing
 - Level 1.1 Armour
 - Level 2.1 Dodging
 - Level 2.0 Spellcasting
 - Level 2.4 Translocations


You had 7 spell levels left.
You didn't know any spells.
Your spell library contained the following spells:

 Spells                   Type           Power      Damage    Failure   Level
 Blink                    Tloc           14%        N/A       99%         2
 Gell's Gravitas          Tloc           7%         N/A       100%        3
 Lesser Beckoning         Tloc           7%         N/A       100%        3
 Teleport Other           Tloc           7%         N/A       100%        3
 Manifold Assault         Tloc           7%         N/A       100%        5

Inventory:

Hand Weapons
 g - the +5 whip of Soft Forgiveness {flame, Will+}
   (You found it on level 2 of the Dungeon)

   It burns those it strikes, dealing additional fire damage.
   Will:      It increases your willpower.
 j - a +0 flail
 Y - a +0 hand axe (weapon)
Armour
 e - a +0 chain mail (worn)
Jewellery
 i - a ring of ice
Scrolls
 b - a scroll of identify
 k - a scroll of teleportation {unknown}
Potions
 a - a potion of cancellation
 c - a potion of experience {unknown}
 d - a potion of might {unknown}
 f - a potion of curing {unknown}
 h - a potion of mutation {unknown}
 m - a potion of lignification {unknown}

Dungeon Overview and Level Annotations

Branches:
Dungeon (3/15)

Altars:
Xom


Message History

The orc wizard is heavily wounded.
You hit the orc wizard but do no damage.
You completely miss the orc.
The orc hits you from afar with a +0 trident!
The orc wizard hits you but does no damage.
The orc wizard gestures at you while chanting.
You resist with some effort. The orc hits you but does no damage.
You closely miss the orc wizard.
The orc wizard is heavily wounded.
You hit the orc.
You kill the orc!
You barely miss the orc wizard.
The orc wizard mumbles some strange words.
The orc wizard flickers and vanishes!
Deactivating autopickup; reactivate with Ctrl-A.
The orc barely misses you.
The orc wizard hits you but does no damage.
You barely miss the orc wizard.
The orc wizard is heavily wounded.
You miss something. The orc barely misses you.
The orc wizard gestures at you while chanting.
You are confused.
Something hits you but does no damage. The orc barely misses you.
The orc wizard hits you but does no damage.
You closely miss the orc wizard. You peck the orc wizard.
The orc wizard is severely wounded.
You completely miss something. Something hits you. The orc barely misses you.
The orc wizard hits you but does no damage.
You hit the orc wizard.
The orc wizard is severely wounded.
You closely miss something.
You hear some strange, mumbled words.
You are more confused.
The orc closely misses you. The orc wizard casts a spell at you.
The puff of flame hits you. Something hits you.
You die...

#...#.#.#.#..
#.....#.#.#.#
#.#####.#.#.# ...
..#.#.#.# #...#.#.#.#.#
###.#.#.#.#.# ####+####
.........<..# #.....!..
#####..###### #........
#...........####@.......
#..............).o.>....
#.....#####.####$.......
#.............##o.......
.....#.........#........
##...#.........#........
.'...#.........#........
##...######+#+##.../....
##... .###+####


You could see an orc wizard and an orc.

Vanquished Creatures
  2 adders (D:2)
  A worm (D:3)
  2 dart slugs
  2 orcs (D:3)
  4 ball pythons
  6 endoplasms
  2 giant cockroaches
  A goblin (D:2)
  3 kobolds
  4 quokkas
  2 frilled lizards (D:2)
  10 rats
39 creatures vanquished.

Notes
Turn   | Place    | Note
-------+----------+-------------------------------------------
     0 | D:1      | qw the Tengu Warper began the quest for the Orb.
     0 | D:1      | Reached XP level 1. HP: 12/12 MP: 4/4
     0 | D:1      | 0 ||| qw: Version: 0.1-a-89-g26bdef1
     0 | D:1      | 0 ||| qw: Game counter: 2846
     0 | D:1      | 0 ||| qw: Always use a shield: true
     0 | D:1      | 0 ||| qw: God list: Okawaru
     0 | D:1      | 0 ||| qw: Allow faded altars: false
     0 | D:1      | 0 ||| qw: Do Orc after D:15 true
     0 | D:1      | 0 ||| qw: Do second Lair branch before Depths: true
     0 | D:1      | 0 ||| qw: Lair rune preference: random
     0 | D:1      | 0 ||| qw: Plans: Normal
     0 | D:1      | 0 ||| PLANNING D:1-11
   199 | D:1      | Reached skill level 3 in Axes
   199 | D:1      | Reached XP level 2. HP: 17/17 MP: 6/6
   339 | D:1      | 339 ||| Stepping ~*~*~tactically~*~*~ (stealth).
   479 | D:1      | 479 ||| DROPPING +0 mace of holy wrath.
   638 | D:1      | Found a faded altar of an unknown god.
   931 | D:1      | 931 ||| UPGRADING to +0 chain mail.
   941 | D:1      | 941 ||| DROPPING +0 leather armour.
   942 | D:1      | 942 ||| DROPPING amulet of faith.
   943 | D:1      | 943 ||| READING 3 scrolls labelled LURRYE LUABUE.
   944 | D:1      | 944 ||| READING scroll labelled ROIZYX NATIAWN.
   945 | D:1      | 945 ||| READING scroll labelled SEOMEN NOFFU.
   946 | D:1      | 946 ||| READING 2 scrolls labelled KUTIEF REFOWN.
   947 | D:1      | 947 ||| DRINKING 2 glowing golden potions.
  1048 | D:1      | 1048 ||| DROPPING 2 scrolls of noise.
  1049 | D:1      | 1049 ||| DROPPING scroll of blinking.
  1050 | D:1      | 1050 ||| DROPPING potion of ambrosia.
  1051 | D:1      | 1051 ||| DROPPING scroll of butterflies.
  1121 | D:2      | Reached XP level 3. HP: 18/21 MP: 7/7
  1276 | D:2      | Reached skill level 4 in Axes
  1422 | D:2      | Identified the +5 whip of Soft Forgiveness {flame, Will+}
  1709 | D:2      | Found a shimmering altar of Xom.
  2080 | D:2      | 2080 ||| READING scroll labelled DALAPP DAMMO.
  2181 | D:2      | 2181 ||| READING scroll labelled ATIBIO WOAWKI.
  2182 | D:2      | 2182 ||| READING scroll labelled XEINEC TIRI.
  2183 | D:2      | 2183 ||| READING 2 scrolls of identify.
  2183 | D:2      | 2183 ||| IDENTIFYING inky potion
  2234 | D:3      | 2234 ||| Stepping ~*~*~tactically~*~*~ (stealth).
  2241 | D:3      | Reached XP level 4. HP: 26/26 MP: 8/8
  2246 | D:3      | 2246 ||| Stepping ~*~*~tactically~*~*~ (stealth).
  2255 | D:3      | 2255 ||| Stepping ~*~*~tactically~*~*~ (stealth).
  2258 | D:3      | 2258 ||| Stepping ~*~*~tactically~*~*~ (stealth).
  2259 | D:3      | 2259 ||| Stepping ~*~*~tactically~*~*~ (stealth).
  2480 | D:3      | HP: 5/26 [orc/+0 trident (7)]
  2484 | D:3      | HP: 1/26 [orc wizard/puff of flame (2)]
  2485 | D:3      | Slain by an orc wizard

Levels and vault maps discovered:
D:1:      eino_arrival_cavern_d, layout_loops_corners,
          ebering_ecumenical_altar_sacrificial, minmay_3d_cube
D:2:      minmay_inner_zag, layout_basic, basic_altar
D:3:      minmay_angry_zag, layout_basic, uniq_sigmund, uniq_terence

Skill      XL: |  1  2  3 |
---------------+----------+-----
Axes           | 3 4 |  4.7
Fighting       | |  2.0
Throwing       | |  1.0
Armour         | |  1.1
Dodging        | |  2.1
Spellcasting   | |  2.0
Translocations | |  2.4

Action                   |  1- 3 |  4- 6 || total
-------------------------+-------+-------++-------
Melee: Hand axe          |    67 |    21 ||    88
       Kick              |    17 |     7 ||    24
       Peck              |     9 |     4 ||    13
       Punch             |       |     1 ||     1
Throw: Boomerang         |     7 |       ||     7
  Use: Scroll            |     8 |       ||     8
       Potion            |     1 |       ||     1
Armor: Chain mail        |    29 |    13 ||    42
       Leather armour    |     1 |       ||     1
Dodge: Dodged            |    14 |    12 ||    26

Table legend:
 A = Non-vault XP
 B = Vault XP
 C = Vault XP percentage of total XP
 D = Non-vault monster count
 E = Vault monster count
 F = Vault count percentage of total count
                 A         B        C        D         E       F
            +---------+---------+-------+---------+---------+-------
      Total |      66 |      28 |  29.8 |      29 |      10 |  25.6
            +---------+---------+-------+---------+---------+-------
        D:1 |      22 |       4 |  15.4 |      14 |       2 |  12.5
        D:2 |      26 |      21 |  44.7 |       8 |       6 |  42.9
        D:3 |      18 |       3 |  14.3 |       7 |       2 |  22.2
            +---------+---------+-------+---------+---------+-------
